 Dungeon Crawl Stone Soup version 0.30-a0-241-g1121274140 (webtiles) character file.

Game seed: 11329846864177318066

691 bande the Chopper (level 7, 0/44 HPs)
             Began as a Gargoyle Fighter on Oct 11, 2022.
             Was an Initiate of Okawaru.
             Slain by Prince Ribbit (3 damage)
             ... on level 4 of the Dungeon.
             The game lasted 00:08:38 (3564 turns).

bande the Chopper (Gargoyle Fighter)                Turns: 3564, Time: 00:08:38

Health: 0/44       AC: 17    Str: 19    XL:     7   Next: 63%
Magic:  7/7        EV:  9    Int:  9    God:    Okawaru [......]
Gold:   209        SH:  4    Dex: 11    Spells: 6/6 levels left

rFire   . . .      SeeInvis .    a - +1 war axe
rCold   . . .      Faith    .    c - +0 buckler
rNeg    + . .      Spirit   .    b - +0 scale mail
rPois   ∞          Reflect  .    (helmet restricted)
rElec   +          Harm     .    r - +0 cloak
rCorr   .          Rampage  .    p - +1 pair of gloves
Will    .....                    (no boots)
Stlth   ..........               (no amulet)
HPRegen 0.27/turn                (no ring)
MPRegen 0.10/turn                (no ring)

@: on berserk cooldown, slowed, very slow
A: sickness immunity, AC +4, negative energy resistance 1, electricity
resistance, torment resistance 1, petrification resistance, horns 1, iridescent
scales 1
a: Renounce Religion


You were on level 4 of the Dungeon.
You worshipped Okawaru.
Okawaru was noncommittal.
You visited 1 branch of the dungeon, and saw 5 of its levels.

You collected 209 gold pieces.

Inventory:

Hand Weapons
 a - a +1 war axe (weapon)
Armour
 b - a +0 scale mail (worn)
 c - a +0 buckler (worn)
 p - a +1 pair of gloves (worn)
 r - a +0 cloak (worn)
Wands
 d - a wand of polymorph (9)
 k - a wand of digging (5)
 l - a wand of flame (54)
Scrolls
 g - 2 scrolls of teleportation
 h - a scroll of enchant armour
 j - a scroll of fear
 m - a scroll of enchant weapon
 n - a scroll of magic mapping
 q - a scroll of fog
Potions
 f - a potion of mutation
 i - 3 potions of curing
 o - a potion of cancellation


   Skills:
 + Level 4.7 Fighting
 + Level 5.3 Axes
 + Level 4.6 Armour
 - Level 0.3 Stealth
 + Level 4.3 Shields
 * Level 1.1 Invocations
 * Level 2.2 Evocations


You had 6 spell levels left.
You didn't know any spells.
Your spell library was empty.

Dungeon Overview and Level Annotations

Branches:
Dungeon (5/15)
 Temple: D:4-7

Altars:
Dithmenos
Okawaru
Qazlal
Ru
Vehumet

Annotations:
D:4 Prince Ribbit
D:5 Dowan, Duvessa, Edmund


Innate Abilities, Weirdness & Mutations

You are immune to sickness and miasma.
Your stone body is resilient. (AC +4)
You are immune to poison.
You resist negative energy. (rN+)
You are resistant to electric shocks. (rElec)
You are resistant to unholy torment.
You are immune to petrification.
You have a pair of small horns on your head.
You are partially covered in iridescent scales. (AC +2)


Message History

Prince Ribbit barely misses you.
You closely miss Prince Ribbit. Your headbutt misses Prince Ribbit.
Prince Ribbit is moderately wounded.
Prince Ribbit hits you. You block Prince Ribbit's attack.
Prince Ribbit barely misses you.
You closely miss Prince Ribbit.
Prince Ribbit is moderately wounded.
Prince Ribbit catches a millipede with his tongue.
Prince Ribbit hits you but does no damage.
You block Prince Ribbit's attack.
Prince Ribbit blinks!
Prince Ribbit blinks!
You block Prince Ribbit's attack.
Prince Ribbit hits you but does no damage.
Prince Ribbit hits you.
Prince Ribbit hits you but does no damage.
You slash Prince Ribbit! Your headbutt misses Prince Ribbit.
Prince Ribbit is heavily wounded.
Prince Ribbit hits you but does no damage.
You block Prince Ribbit's attack. Prince Ribbit misses you.
You barely miss Prince Ribbit. You headbutt Prince Ribbit.
Prince Ribbit is severely wounded.
Prince Ribbit blinks!
Prince Ribbit blinks!
Prince Ribbit blinks!
Prince Ribbit blinks!
Prince Ribbit barely misses you.
Prince Ribbit hits you but does no damage.
Prince Ribbit barely misses you. Prince Ribbit hits you.
Prince Ribbit closely misses you.
You closely miss Prince Ribbit.
Prince Ribbit is heavily wounded.
Prince Ribbit misses you.
Prince Ribbit blinks!
You barely miss Prince Ribbit.
Prince Ribbit is heavily wounded.
You block Prince Ribbit's attack. Prince Ribbit hits you!
* * * LOW HITPOINT WARNING * * *
Prince Ribbit hits you but does no damage.
You slash Prince Ribbit! Your headbutt misses Prince Ribbit.
Prince Ribbit is severely wounded.
Prince Ribbit closely misses you. Prince Ribbit hits you.
You die...

#.# #.# #...........#.#
##.#######.# #.#######.#.#.#
...........# #.# #.#.#.#
##.######### #.# #.#.#.# ##.####
#.# #.#.#.# ..#...# #######.#
#####.#.#.# ##.##.#
#.....#.###.........## ##.##.##
#.....#.##.........##.
.......#####....@F.......#.#..#..
##.#........)....#............#.#
##.#...#####.>...#............#.#
...#...# ###..###....)..).#...#
.###...#######..######...)#####).
.# #...##.................# ##.
.# #......#####..####.....# ## .#
#.#.#### #(....<...#.## # .#
#.#.# #...###.#....######


You could see Prince Ribbit.

Vanquished Creatures
  Grinder (D:3)
  A centaur (D:4)
  2 orc priests (D:4)
  Crazy Yiuf (D:2)
  A jelly (D:4)
  Jessica (D:2)
  An iguana (D:4)
  Natasha (thrice) (D:3)
  Robin (D:3)
  4 adders
  A white imp (D:4)
  2 worms (D:3)
  A dart slug (D:1)
  7 orcs
  5 bats
  5 endoplasms
  4 giant cockroaches
  17 goblins
  23 hobgoblins
  4 jackals (D:3)
  6 kobolds
  4 quokkas
  7 ball pythons
  8 frilled lizards
  4 rats
114 creatures vanquished.

Notes
Turn   | Place    | Note
-------+----------+-------------------------------------------
     0 | D:1      | bande the Gargoyle Fighter began the quest for the Orb.
     0 | D:1      | Reached XP level 1. HP: 14/14 MP: 1/1
    22 | D:1      | Reached XP level 2. HP: 16/19 MP: 2/2
    33 | D:1      | Reached skill level 2 in Axes
   201 | D:1      | Reached XP level 3. HP: 23/23 MP: 3/3
   864 | D:2      | Reached XP level 4. HP: 23/28 MP: 4/4
  1262 | D:2      | Noticed Jessica
  1266 | D:2      | Killed Jessica
  1267 | D:2      | Reached skill level 3 in Axes
  1281 | D:2      | Found a runed translucent door.
  1282 | D:2      | Noticed Crazy Yiuf
  1446 | D:2      | Killed Crazy Yiuf
  1447 | D:2      | Reached XP level 5. HP: 20/33 MP: 5/5
  1597 | D:3      | Gained mutation: Your spells are a little harder to cast,
                  | but a little more powerful. [potion of mutation]
  1597 | D:3      | Gained mutation: You occasionally lose the ability to drink
                  | potions when taking damage. [potion of mutation]
  1598 | D:3      | Lost mutation: You occasionally lose the ability to drink
                  | potions when taking damage. [potion of mutation]
  1598 | D:3      | Lost mutation: Your spells are a little harder to cast, but
                  | a little more powerful. [potion of mutation]
  1598 | D:3      | Gained mutation: You have a pair of small horns on your
                  | head. [potion of mutation]
  1598 | D:3      | Gained mutation: You are partially covered in iridescent
                  | scales. (AC +2) [potion of mutation]
  1610 | D:3      | Noticed Natasha
  1617 | D:3      | Killed Natasha
  1665 | D:3      | Noticed Natasha
  1673 | D:3      | Killed Natasha
  1674 | D:3      | Reached skill level 4 in Axes
  1687 | D:3      | Noticed Natasha
  1710 | D:3      | Noticed Robin
  1718 | D:3      | Killed Robin
  1726 | D:3      | Killed Natasha
  1727 | D:3      | Reached skill level 1 in Evocations
  1727 | D:3      | Reached XP level 6. HP: 38/38 MP: 6/6
  1781 | D:3      | Found a shadowy altar of Dithmenos.
  1850 | D:3      | Noticed Grinder
  1856 | D:3      | Paralysed by Grinder for 3 turns
  1872 | D:3      | Paralysed by Grinder for 5 turns
  1882 | D:3      | Paralysed by Grinder for 2 turns
  1885 | D:3      | Paralysed by Grinder for 4 turns
  1893 | D:3      | Paralysed by Grinder for 5 turns
  1909 | D:3      | Paralysed by Grinder for 2 turns
  1918 | D:3      | Paralysed by Grinder for 2 turns
  1922 | D:3      | Killed Grinder
  2177 | D:3      | Found a radiant altar of Vehumet.
  2291 | D:3      | Reached XP level 7. HP: 40/44 MP: 7/7
  2306 | D:3      | Found a stormy altar of Qazlal.
  2325 | D:3      | Found a sacrificial altar of Ru.
  2607 | D:4      | Found an iron altar of Okawaru.
  2614 | D:4      | Became a worshipper of Warmaster Okawaru
  2966 | D:4      | Reached skill level 5 in Axes
  3371 | D:5      | Entered Level 5 of the Dungeon
  3371 | D:5      | Noticed Edmund
  3373 | D:5      | Noticed Duvessa
  3374 | D:5      | Noticed Prince Ribbit
  3514 | D:5      | Noticed Dowan
  3522 | D:4      | Reached skill level 1 in Invocations
  3564 | D:4      | Slain by Prince Ribbit

Illustrated notes

Levels and vault maps discovered:
D:1:      dpeg_arrival_ternary, layout_basic, st_stairs_11, minmay_hexomino_c4
D:2:      layout_basic, minmay_misc_feat_square, chequers_serial_rivers_large_a,
          uniq_crazy_yiuf_cottage, uniq_jessica
D:3:      layout_rooms, vehumet_altar_wand_db,
          mainiacjoe_overflow_catwalk_spiral,
          mainiacjoe_overflow_six_doors_small, grunt_decor_junction,
          uniq_grinder, uniq_robin, uniq_natasha
D:4:      cheibrodos_greedy_goblins, layout_loops_ring,
          okawaru_ov_weapons_minmay
D:5:      layout_rooms, uniq_prince_ribbit1, uniq_edmund, uniq_blork_the_orc,
          uniq_duvessa

Skill      XL: |  1  2  3  4  5  6  7 |
---------------+----------------------+-----
Axes           | 2 3 4 5 |  5.3
Shields        | 4 |  4.3
Armour         | 4 |  4.6
Evocations     | 1 2 |  2.2
Fighting       | 4 |  4.7
Invocations    | 1 |  1.1
Stealth        | |  0.3

Action                   |  1- 3 |  4- 6 |  7- 9 || total
-------------------------+-------+-------+-------++-------
Melee: War axe           |   130 |   103 |    95 ||   328
       Headbutt          |       |     9 |    17 ||    26
  Use: Scroll            |       |    10 |     4 ||    14
       Potion            |       |     6 |     2 ||     8
Armor: Scale mail        |   100 |    55 |    66 ||   221
Dodge: Dodged            |    95 |    33 |    66 ||   194
Block: Buckler           |    45 |    16 |    27 ||    88

Table legend: (Time is in decaauts)
 A = Elapsed time spent in this place.
 B = Non-inter-level travel time spent in this place.
 C = Inter-level travel time spent in this place.
 D = Time resting spent in this place.
 E = Time spent auto-exploring this place.
 F = Levels seen in this place.
 G = Mean time per level.
                   A        B        C        D        E       F      G
               +--------+--------+--------+--------+--------+-----+--------+
         Total |   3707 |   3632 |     75 |    491 |   2163 |   5 |  741.4 |
       Dungeon |   3707 |   3632 |     75 |    491 |   2163 |   5 |  741.4 |
               +--------+--------+--------+--------+--------+-----+--------+

Top non-repeatable levels by time:
     D:4: 1125 daAuts
     D:3: 945 daAuts
     D:2: 867 daAuts
     D:1: 763 daAuts
     D:5: 6 daAuts
